 Dungeon Crawl Stone Soup version 0.24-a0-232-g49d9ff80d8 (webtiles) character file.

Game seed: 9405342682218180518

28 Redear the Shield-Bearer (level 3, -1/19 HPs)
             Began as a Vine Stalker Fighter on Apr 4, 2019.
             Engulfed by a cloud of flame (20 damage)
             ... on level 1 of the Dungeon.
             The game lasted 00:02:13 (891 turns).

Redear the Shield-Bearer (Vine Stalker Fighter)      Turns: 891, Time: 00:02:13

Health: -1/19      AC:  9    Str: 18    XL:     3   Next: 14%
Magic:  0/4        EV:  9    Int:  9    God:
Gold:   27         SH:  0    Dex: 13    Spells: 2/2 levels left

rFire    . . .     SeeInvis .   a - +0 long sword
rCold    . . .     Gourm    .   (no shield)
rNeg     . . .     Faith    .   b - +0 scale mail
rPois    .         Spirit   +   (no helmet)
rElec    .         Reflect  .   (no cloak)
rCorr    .         Harm     .   e - +2 pair of gloves
MR       .....                  (no boots)
Stlth    ..........             (no amulet)
HPRegen  0.06/turn              (no ring)
MPRegen  0.09/turn              (no ring)

@: no status effects
A: fangs 2, magic shield, antimagic bite, no potion heal 3, rot immunity
a: no special abilities


You were on level 1 of the Dungeon.
You were not hungry.

You visited 1 branch of the dungeon, and saw 1 of its levels.

You collected 27 gold pieces.

Inventory:

Hand Weapons
 a - a +0 long sword (weapon)
Armour
 b - a +0 scale mail (worn)
 c - a +0 shield
 e - a +2 pair of gloves (worn)
Jewellery
 g - an uncursed ring of protection from cold {unknown}
Scrolls
 f - a scroll of amnesia {unknown}
Potions
 d - a potion of might {Str+5 DMG+1d10 | @q3}
 h - a potion of degeneration {unknown}
 i - a potion of mutation {unknown}
Comestibles
 z - 3 rations


   Skills:
 + Level 2.9 Fighting
 + Level 2.1 Long Blades
 + Level 2.6 Armour
 + Level 1.4 Stealth
 + Level 3.0 Shields


You had 2 spell levels left.
You didn't know any spells.
Your spell library was empty.

Dungeon Overview and Level Annotations

Branches:
Dungeon (1/15)

Altars:


Innate Abilities, Weirdness & Mutations

You have extremely sharp teeth.
When hurt, damage is shared between your health and your magic reserves.
Your bite disrupts and absorbs the magic of your enemies.
Potions cannot restore your health.
You are immune to rotting.


Message History

You closely miss the frilled lizard. You closely miss the frilled lizard.
Your bite misses the frilled lizard.
The frilled lizard bites you but does no damage.
You hit the frilled lizard but do no damage.
Your bite misses the frilled lizard.
The frilled lizard bites you but does no damage.
You hit the frilled lizard.
You kill the frilled lizard!
Your Shields skill increases to level 3!
You see here a frilled lizard corpse.
Partly explored, can't reach some places.
Partly explored, can't reach some places.
Partly explored, can't reach some places.
Really walk into that cloud of flame? [Y]es or [N]o only, please.
Really walk into that cloud of flame?
Okay, then.
You are engulfed in blazing flames.
Ouch! That really hurt!
You die...

#########. ####...#####
#......... ☼§.??...○§.##.#####...
°...(.§§§..#.#####.##
.!?$.○§§.......##.#. #########
#...#############.#. ........#
#○☼☼# ###.#. ####....## #§§§#
#######..... .........# #○°@#
#.....#.#... ###...>..#####...##
#...)....... #...........###.#.#
#.....#.####
#.##....)...###...####.....#.####
#................................
#...........###.############.###.
#...........#...################.
#..........####.#..............#.
#.......#### #.#..............#.


There were no monsters in sight!

Vanquished Creatures
  2 dart slugs (D:1)
  2 leopard geckos (D:1)
  A giant cockroach (D:1)
  A goblin (D:1)
  7 hobgoblins (D:1)
  3 frilled lizards (D:1)
  2 kobolds (D:1)
  3 rats (D:1)
21 creatures vanquished.

Notes
Turn   | Place    | Note
-------+----------+-------------------------------------------
     0 | D:1      | Redear the Vine Stalker Fighter began the quest for the
                  | Orb.
     0 | D:1      | Reached XP level 1. HP: 11/11 MP: 2/2
   125 | D:1      | Reached XP level 2. HP: 16/16 MP: 3/3
   131 | D:1      | Reached skill level 2 in Long Blades
   138 | D:1      | Reached skill level 1 in Stealth
   338 | D:1      | Reached XP level 3. HP: 15/19 MP: 4/4
   823 | D:1      | Reached skill level 3 in Shields
   891 | D:1      | Engulfed by a cloud of flame

Levels and vault maps discovered:
D:1:      dpeg_arrival_boxorama, layout_basic, st_stairs_1, lemuel_flame_loot_1

Skill      XL: |  1  2  3 |
---------------+----------+-----
Long Blades    | 2 |  2.1
Stealth        | 1 |  1.4
Shields        | 3 |  3.0
Fighting       | |  2.9
Armour         | |  2.6

Action                   || total
-------------------------++-------
Melee: Long sword        ||    53
       Bite              ||    21
Armor: Scale mail        ||    34
Dodge: Dodged            ||    20
       Rpst.: Long sword ||     7

Table legend:
 A = Non-vault XP
 B = Vault XP
 C = Vault XP percentage of total XP
 D = Non-vault monster count
 E = Vault monster count
 F = Vault count percentage of total count
                 A         B        C        D         E       F
            +---------+---------+-------+---------+---------+-------
      Total |      37 |       4 |   9.8 |      19 |       2 |   9.5
            +---------+---------+-------+---------+---------+-------
        D:1 |      37 |       4 |   9.8 |      19 |       2 |   9.5
            +---------+---------+-------+---------+---------+-------
